 Dungeon Crawl Stone Soup version 0.29-a0-409-gd843f3a48c (webtiles) character file.

Game seed: 6494951534352610223

34 Pelinal the Chopper (level 3, 0/31 HPs)
             Began as a Hill Orc Fighter on May 14, 2022.
             Slain by an ogre
             ... wielding a +0 giant club
              (24 damage)
             ... on level 2 of the Dungeon.
             The game lasted 00:01:53 (1119 turns).

Pelinal the Chopper (Hill Orc Fighter)              Turns: 1119, Time: 00:01:54

Health: 0/31       AC:  6    Str: 20    XL:     3   Next: 31%
Magic:  3/3        EV:  9    Int:  8    God:
Gold:   41         SH:  4    Dex: 10    Spells: 2/2 levels left

rFire   . . .      SeeInvis .   a - +0 war axe
rCold   . . .      Faith    .   c - +0 buckler
rNeg    . . .      Spirit   .   b - +0 scale mail
rPois   .          Reflect  .   (no helmet)
rElec   .          Harm     .   (no cloak)
rCorr   .          Rampage  .   (no gloves)
Will    .....                   (no boots)
Stlth   ..........              (no amulet)
HPRegen 0.10/turn               (no ring)
MPRegen 0.08/turn               (no ring)

@: mighty, lethally poisoned (0 -> -2)
A: no striking features
a: no special abilities


You were on level 2 of the Dungeon.
You visited 1 branch of the dungeon, and saw 2 of its levels.

You collected 41 gold pieces.

Inventory:

Hand Weapons
 a - a +0 war axe (weapon)
Armour
 b - a +0 scale mail (worn)
 c - a +0 buckler (worn)
Jewellery
 i - a ring of protection from fire
Scrolls
 e - a scroll of teleportation {unknown}
 f - 2 scrolls of identify {unknown}
 g - a scroll of magic mapping {unknown}
Potions
 h - a potion of brilliance {unknown}
 j - a potion of attraction {unknown}


   Skills:
 - Level 3.6 Fighting
 + Level 4.8 Axes
 - Level 3.3 Armour
 - Level 3.3 Shields


You had 2 spell levels left.
You didn't know any spells.
Your spell library was empty.

Dungeon Overview and Level Annotations

Branches:
Dungeon (2/15)

Altars:


Message History

You slash the rat!
You kill the rat!
No target in view!
No target in view!
You see here a rat corpse.
Found a helmet.
An adder comes into view.
The adder hisses angrily.
An ogre comes into view. It is wielding a +0 giant club.
The ogre shouts!
The adder closely misses you.
Unknown command.
You block the adder's attack.
You slash the adder!
The adder is almost dead.
The adder closely misses you.
You barely miss the adder.
The adder is almost dead.
The adder bites you. The adder bites you but does no damage.
Unknown command.
You feel very mighty all of a sudden. The adder bites you but does no damage.
Unknown command.
You closely miss the adder.
The adder is almost dead.
The adder closely misses you. The adder bites you.
You are poisoned.
The adder poisons you!
You slash the adder!
You kill the adder!
You feel sick.
A hobgoblin comes into view.
Unknown command.
The hobgoblin shouts!
You slash the ogre!
The ogre is heavily wounded.
You feel sick.
The ogre hits you with a +0 giant club!!
Ouch! That really hurt!
You die...

.. .# # ## .# [.
###. .# #. ##.#.
.# #.##... .# ....
.#####
#.#######?##
.....#
#..O....g...
#....##
##@######.##
.##...##########.#
..........†......#
.#....##.####.####
#...####.# #....#
##.## #.# ######
#. #.# #. #.. #.
#..


You could see an ogre and a hobgoblin.

Vanquished Creatures
  An adder (D:2)
  6 endoplasms
  3 goblins (D:1)
  A hobgoblin (D:1)
  A quokka (D:1)
  5 ball pythons
  2 bats (D:1)
  A kobold (D:1)
  5 rats
25 creatures vanquished.

Notes
Turn   | Place    | Note
-------+----------+-------------------------------------------
     0 | D:1      | Pelinal the Hill Orc Fighter began the quest for the Orb.
     0 | D:1      | Reached XP level 1. HP: 19/19 MP: 1/1
   128 | D:1      | Reached skill level 3 in Axes
   181 | D:1      | Reached XP level 2. HP: 25/26 MP: 2/2
   328 | D:1      | Reached skill level 4 in Axes
   591 | D:1      | Found a faded altar of an unknown god.
  1042 | D:2      | Reached XP level 3. HP: 29/31 MP: 3/3
  1111 | D:2      | Noticed an ogre
  1119 | D:2      | Slain by an ogre

Illustrated notes

Levels and vault maps discovered:
D:1:      minmay_arrival_four_loops, layout_loops_ring,
          dreamdust_ecumenical_altar_grove
D:2:      kennysheep_the_goblin_king, layout_loops_ring, serial_shops,
          nicolae_shop_trees, minmay_ruptured, uniq_natasha

Skill      XL: |  1  2 |
---------------+-------+-----
Axes           | 3 4 |  4.8
Fighting       | |  3.6
Armour         | |  3.3
Shields        | |  3.3

Action                   || total
-------------------------++-------
Melee: War axe           ||    69
  Use: Potion            ||     1
Armor: Scale mail        ||    38
Dodge: Dodged            ||    31
Block: Buckler           ||    24

Table legend: (Time is in decaauts)
 A = Elapsed time spent in this place.
 B = Non-inter-level travel time spent in this place.
 C = Inter-level travel time spent in this place.
 D = Time resting spent in this place.
 E = Time spent auto-exploring this place.
 F = Levels seen in this place.
 G = Mean time per level.
                   A        B        C        D        E       F      G
               +--------+--------+--------+--------+--------+-----+--------+
         Total |   1142 |   1082 |     60 |      0 |    888 |   2 |  571.0 |
       Dungeon |   1142 |   1082 |     60 |      0 |    888 |   2 |  571.0 |
               +--------+--------+--------+--------+--------+-----+--------+

Top non-repeatable levels by time:
     D:1: 1021 daAuts
     D:2: 121 daAuts
